 Dungeon Crawl Stone Soup version 0.30.1-9-gdf580d7c3d (webtiles) character file.

Game seed: 14512411758480417370

3 lonewolfV2 the Gusty (level 1, 0/13 HPs)
             Began as a Demonspawn Air Elementalist on Oct 24, 2023.
             Slain by a bat (1 damage)
             ... on level 1 of the Dungeon.
             The game lasted 00:00:47 (166 turns).

lonewolfV2 the Gusty (Demonspawn Air Elementalist)   Turns: 166, Time: 00:00:47

Health: 0/13       AC:  2    Str:  8    XL:     1   Next: 41%
Magic:  1/3        EV: 12    Int: 16    God:
Gold:   42         SH:  0    Dex: 13    Spells: 3/4 levels left

rFire   . . .        (no weapon)
rCold   . . .        (no shield)
rNeg    . . .        a - +0 robe
rPois   .            (no helmet)
rElec   .            (no cloak)
rCorr   .            (no gloves)
SInv    .            (no boots)
Will    .....        (no amulet)
Stlth   ++           (no ring)
HPRegen 0.22/turn    (no ring)
MPRegen 0.08/turn

%: no passive effects
@: no status effects
A: no striking features
a: no special abilities


You were on level 1 of the Dungeon.
You visited 1 branch of the dungeon, and saw 1 of its levels.

You collected 42 gold pieces.

Inventory:

Armour
 a - a +0 robe (worn)
Jewellery
 i - an amulet of magic regeneration
Scrolls
 d - a scroll of identify {unknown}
 e - a scroll of summoning {unknown}
 f - a scroll of fog {unknown}
Potions
 b - a potion of magic
 c - a potion of degeneration {unknown}
 g - a potion of curing {unknown}
 h - a potion of cancellation {unknown}


   Skills:
 - Level 1.7 Dodging
 - Level 1.7 Stealth
 + Level 2.1 Spellcasting
 - Level 1.0 Conjurations
 + Level 2.8 Air Magic


You had 3 spell levels left.
You knew the following spells:

 Your Spells              Type           Power      Damage    Failure   Level
a - Shock                 Conj/Air       28%        1d4       10%         1

Your spell library contained the following spells:

 Spells                   Type           Power      Damage    Failure   Level
 Static Discharge         Conj/Air       14%        2-3/arc   14%         2
 Swiftness                Air            10%        N/A       19%         3
 Airstrike                Air            5%         2d(1-17)  54%         4


Dungeon Overview and Level Annotations

Branches:
Dungeon (1/15)

Altars:


Message History

Aiming: Shock (safe; 10% risk of failure)
Press: ? - help, Shift-Dir - straight line, f - hobgoblin
Aim: a hobgoblin (heavily wounded, 68% to hit)
The zap hits the hobgoblin.
The hobgoblin is severely wounded.
The bat hits you but does no damage. The hobgoblin closely misses you.
The hobgoblin barely misses you. The bat closely misses you.
The goblin hits you with a +0 dagger. The bat barely misses you.
The bat hits you but does no damage.
You hit the hobgoblin but do no damage.
The hobgoblin is severely wounded.
The bat hits you. The hobgoblin barely misses you.
You closely miss the hobgoblin.
The hobgoblin is severely wounded.
The bat hits you but does no damage. The hobgoblin hits you.
The goblin hits you with a +0 dagger.
You hit the hobgoblin but do no damage.
The hobgoblin is severely wounded.
The bat barely misses you. The hobgoblin hits you.
* * * LOW HITPOINT WARNING * * *
The goblin completely misses you.
You hit the hobgoblin.
The hobgoblin is almost dead.
The bat hits you.
* * * LOW HITPOINT WARNING * * *
The goblin closely misses you. The hobgoblin barely misses you.
The bat barely misses you.
You barely miss the hobgoblin.
The hobgoblin is almost dead.
The bat closely misses you. The hobgoblin misses you.
The goblin closely misses you.
You hit the hobgoblin.
You kill the hobgoblin!
The bat barely misses you. The goblin hits you but does no damage.
The bat hits you but does no damage. The goblin hits you with a +0 dagger.
* * * LOW HITPOINT WARNING * * *
The bat hits you but does no damage. The goblin closely misses you.
The bat hits you.
You die...

## #.# .. ######### #.#
#.#....>..###.#
#.........#...#
#........)....#
###.#.........#
#.#.#.......#
..#.#......†#
####.#..b@g..# ...#
##...######### ...#
###..#.###########
...###...##............
...##..#####........#
............†.......#
....................#
............#.#######
##..............##


You could see a goblin and a bat.

Vanquished Creatures
  A ball python (D:1)
  A hobgoblin (D:1)
  A kobold (D:1)
3 creatures vanquished.

Notes
Turn   | Place    | Note
-------+----------+-------------------------------------------
     0 | D:1      | lonewolfV2 the Demonspawn Air Elementalist began the quest
                  | for the Orb.
     0 | D:1      | Reached XP level 1. HP: 13/13 MP: 3/3
   166 | D:1      | Slain by a bat

Illustrated notes

Levels and vault maps discovered:
D:1:      ncdulo_lavacross, layout_basic, nrook_loot_triangle

Action                     || total
---------------------------++-------
  Melee: Unarmed           ||     6
   Cast: Shock             ||     7
 Armour: Robe              ||     9
  Dodge: Dodged            ||    27
